 Dungeon Crawl Stone Soup version 0.31-a0-692-gf03d1854d5 (webtiles) character file.

Game seed: 13781474587705176647

85 qw the Shooter (level 4, -5/28 HPs)
             Began as a Gargoyle Hunter on Sept 6, 2023.
             Slain by Edmund
             ... wielding a +4 dire flail of protection
              (11 damage)
             ... on level 4 of the Dungeon.
             The game lasted 00:00:48 (2770 turns).

qw the Shooter (Gargoyle Hunter)                    Turns: 2770, Time: 00:00:48

Health: -5/28      AC:  6    Str: 14    XL:     4   Next: 48%
Magic:  4/4        EV: 10    Int: 10    God:
Gold:   129        SH:  0    Dex: 15    Spells: 3/3 levels left

rFire   + . .        Y - +0 shortbow
rCold   . . .        (shield currently unavailable)
rNeg    + . .        f - +0 ring mail
rPois   inf          (no helmet)
rElec   +            (no cloak)
rCorr   .            (no gloves)
SInv    .            (no boots)
Will    .....        (no amulet)
Stlth   +            b - +4 ring of slaying {mikee}
HPRegen 0.24/turn    (no ring)
MPRegen 0.09/turn

%: random rage (3%)
@: no status effects
A: sickness immunity, AC +3, negative energy resistance 1, electricity
resistance, torment resistance 1, petrification resistance, berserk 1, deformed
body, fire resistance 1
a: no special abilities


You were on level 4 of the Dungeon.
You visited 1 branch of the dungeon, and saw 4 of its levels.

You collected 129 gold pieces.


Innate Abilities, Weirdness & Mutations

You are immune to sickness and miasma.
Your stone body is resilient. (AC +3)
You are immune to poison.
You resist negative energy. (rN+)
You are resistant to electric shocks. (rElec)
You are resistant to unholy torment.
You are immune to petrification.
You sometimes lose your temper in combat.
Armour fits poorly on your strangely shaped body.
Your flesh is heat resistant. (rF+)


   Skills:
 - Level 3.0 Fighting
 + Level 5.3 Ranged Weapons
 - Level 1.0 Armour
 - Level 1.5 Dodging
 - Level 1.1 Stealth


You had 3 spell levels left.
You didn't know any spells.
Your spell library was empty.

Inventory:

Hand Weapons
 Y - a +0 shortbow (weapon)
Armour
 f - a +0 ring mail (worn)
Jewellery
 b - a +4 ring of slaying (left hand) {mikee}
 c - a ring of fire
Scrolls
 e - a scroll of identify
Potions
 a - a potion of curing {unknown}
 h - a potion of brilliance {unknown}

Dungeon Overview and Level Annotations

Branches:
Dungeon (4/15)
 Temple: D:4-7

Altars:
Ashenzari

Annotations:
D:4 Edmund


Message History

You shoot an arrow.
The arrow hits Edmund but does no damage.
You shoot an arrow.
The arrow hits Edmund but does no damage.
You shoot an arrow. The arrow hits Edmund!
Edmund is lightly wounded.
Edmund hits you but does no damage.
You shoot an arrow.
The arrow hits Edmund but does no damage.
Edmund is lightly wounded.
Edmund completely misses you.
You shoot an arrow. The arrow hits Edmund!
Edmund is heavily wounded.
Edmund closely misses you. Edmund barely misses you.
You shoot an arrow. The arrow hits Edmund!
Edmund is severely wounded.
Edmund hits you with a +4 dire flail of protection.
You shoot an arrow.
The arrow hits Edmund but does no damage.
Edmund is severely wounded.
Edmund hits you with a +4 dire flail of protection!
You shoot an arrow. The arrow hits Edmund.
Edmund is severely wounded.
Edmund hits you with a +4 dire flail of protection.
You shoot an arrow. The arrow hits Edmund!
Edmund is almost dead.
Edmund barely misses you.
You shoot an arrow. The arrow hits Edmund.
Edmund is almost dead.
Edmund hits you with a +4 dire flail of protection. x2
You shoot an arrow. The arrow barely misses Edmund.
Edmund closely misses you.
You shoot an arrow. The arrow closely misses Edmund.
Edmund barely misses you.
You shoot an arrow.
The arrow hits Edmund but does no damage.
Edmund is almost dead.
Edmund hits you with a +4 dire flail of protection!
You die...
Edmund says, "That'll show my brother!"

.#.#
....########.#
..#.##.@.....#
..#.##@# #..
#.#.##.#
#.#####.#.##.#
#.#...#.#.##.#
#.#..##.#.##.##
#.#.....#.....#
#.#...#...#####
#.#.....#.#
#####.#.#.###.#


You could see Edmund.

Vanquished Creatures
  3 adders
  2 dart slugs (D:1)
  5 ball pythons
  2 endoplasms
  3 giant cockroaches
  8 goblins
  6 hobgoblins
  4 jackals (D:3)
  3 quokkas
  3 bats
  A frilled lizard (D:1)
  5 kobolds
  5 rats
50 creatures vanquished.

Notes
Turn   | Place    | Note
-------+----------+-------------------------------------------
     0 | D:1      | qw the Gargoyle Hunter began the quest for the Orb.
     0 | D:1      | Reached XP level 1. HP: 12/12 MP: 1/1
     0 | D:1      | 0 ||| qw: Version: 0.3-a-76-g4403597
     0 | D:1      | 0 ||| qw: Game counter: 53
     0 | D:1      | 0 ||| qw: Melee chars always use a shield: true
     0 | D:1      | 0 ||| qw: God list: Okawaru
     0 | D:1      | 0 ||| qw: Allow faded altars: false
     0 | D:1      | 0 ||| qw: Do Orc after clearing Dungeon:15 true
     0 | D:1      | 0 ||| qw: Do second Lair branch before Depths: true
     0 | D:1      | 0 ||| qw: Lair rune preference: random
     0 | D:1      | 0 ||| qw: Goals: Normal
     0 | D:1      | 0 ||| PLANNING D:1-11
   216 | D:1      | HP: 2/12 [kobold/+0 whip (5)]
   326 | D:1      | Reached XP level 2. HP: 6/17 MP: 2/2
   760 | D:1      | Reached XP level 3. HP: 17/21 MP: 3/3
   993 | D:1      | 993 ||| UPGRADING to +0 ring mail.
  1003 | D:1      | 1003 ||| DROPPING +0 leather armour.
  1004 | D:1      | 1004 ||| READING scroll labelled KOLOWU AMOHI.
  1005 | D:1      | 1005 ||| READING 2 scrolls labelled KURIAW BAXTU.
  1006 | D:1      | 1006 ||| DROPPING scroll of butterflies.
  1076 | D:2      | Reached skill level 1 in Armour
  1135 | D:2      | Reached skill level 5 in Ranged Weapons
  1865 | D:2      | 1865 ||| UPGRADING to +4 ring of slaying {mikee}.
  1866 | D:2      | 1866 ||| READING scroll labelled AKUANN WIRRYDGH.
  1869 | D:2      | 1869 ||| DRINKING 2 emerald potions.
  1869 | D:2      | Gained mutation: You occasionally lose the ability to drink
                  | potions when taking damage. [potion of mutation]
  1870 | D:2      | 1870 ||| DRINKING potion of mutation.
  1870 | D:2      | Lost mutation: You occasionally lose the ability to drink
                  | potions when taking damage. [potion of mutation]
  1870 | D:2      | Gained mutation: You have hidden genetic defects. [potion
                  | of mutation]
  1870 | D:2      | Gained mutation: Your flesh is heat resistant. (rF+)
                  | [potion of mutation]
  1871 | D:2      | 1871 ||| READING 2 scrolls of identify.
  1871 | D:2      | 1871 ||| IDENTIFYING sedimented brown potion
  1872 | D:2      | 1872 ||| DROPPING potion of magic.
  1923 | D:3      | Gained mutation: Armour fits poorly on your strangely
                  | shaped body. [hidden defects]
  1939 | D:3      | Found a broken altar of Ashenzari.
  2160 | D:3      | Reached XP level 4. HP: 27/27 MP: 4/4
  2163 | D:3      | Reached skill level 3 in Fighting
  2216 | D:3      | Gained mutation: You sometimes lose your temper in combat.
                  | [hidden defects]
  2216 | D:3      | Lost mutation: You have hidden genetic defects. [hidden
                  | defects expressed]
  2700 | D:3      | 2700 ||| READING scroll labelled TOREST BEGELI.
  2701 | D:3      | 2701 ||| READING scroll labelled ZUFROD YSTEUVI.
  2756 | D:4      | Noticed Edmund
  2767 | D:4      | HP: 7/28 [Edmund/+4 dire flail of protection (5)]
  2770 | D:4      | Slain by Edmund

Levels and vault maps discovered:
D:1:      sevenhm_arrival_forest_fort_large_2, layout_basic
D:2:      layout_loops_corners
D:3:      kennysheep_the_goblin_king, layout_basic, cheibrodos_ashenzari_chains
D:4:      layout_basic, fiery_altar_vehumet, temple_fountains, uniq_edmund,
          uniq_blork_the_orc

Skill      XL: |  1  2  3  4 |
---------------+-------------+-----
Armour         | 1 |  1.0
Ranged Weapons | 5 |  5.3
Fighting       | 3 |  3.0
Dodging        | |  1.5
Stealth        | |  1.1

Action                     |  1- 3 |  4- 6 || total
---------------------------+-------+-------++-------
   Fire: Shortbow          |   134 |    51 ||   185
    Use: Scroll            |     4 |     2 ||     6
         Potion            |     2 |       ||     2
 Armour: Leather armour    |    22 |       ||    22
         Ring mail         |    22 |    29 ||    51
  Dodge: Dodged            |    38 |    24 ||    62

Table legend:
 A = Non-vault XP
 B = Vault XP
 C = Vault XP percentage of total XP
 D = Non-vault monster count
 E = Vault monster count
 F = Vault count percentage of total count
                 A         B        C        D         E       F
            +---------+---------+-------+---------+---------+-------
      Total |     109 |      13 |  10.7 |      43 |       7 |  14.0
            +---------+---------+-------+---------+---------+-------
        D:1 |      37 |       0 |   0.0 |      20 |       0 |   0.0
        D:2 |      27 |       0 |   0.0 |       9 |       0 |   0.0
        D:3 |      30 |      13 |  30.2 |      12 |       7 |  36.8
        D:4 |      15 |       0 |   0.0 |       2 |       0 |   0.0
            +---------+---------+-------+---------+---------+-------
